MLB
CHICAGO WHITE SOX @ HOUSTON ASTROS
08/10/2045
 
TOP OF THE 1ST
Chicago White Sox batting - Pitching for Houston Astros : RHP Bill Tulk
Pitching: RHP Bill Tulk
Batting: LHB Antonio Figueroa 0-0: Called Strike
0-1: Swinging Strike
0-2: Strikes out swinging
Batting: SHB Dan Lash 0-0: Called Strike
0-1: Ball
1-1: Foul Ball, location: 2F
1-2: Ball
2-2: SINGLE (Groundball, 6MD, EV 107.5 MPH)
Batting: LHB Randy Rosenberry 0-0: Swinging Strike
0-1: Swinging Strike
0-2: Ball
1-2: Ball
2-2: Foul Ball, location: 2F
2-2: Foul Ball, location: 2F
2-2: Ball
3-2: Foul Ball, location: 2F
3-2: Foul Ball, location: 2F
3-2: Ground out 6-3 (Groundball, 6, EV 78.1 MPH)
Dan Lash to second
Batting: LHB Jack Christie 0-0: Swinging Strike
0-1: Called Strike
0-2: Ball
1-2: Ball
2-2: Foul Ball, location: 2F
2-2: Ball
3-2: Foul Ball, location: 2F
3-2: Base on Balls
Batting: RHB Dieter Knoops 0-0: Ground out U3 (Groundball, 13, EV 85.6 MPH)
Top of the 1st over - 0 runs, 1 hit, 0 errors, 2 left on base; Chicago 0 - Houston 0
BOTTOM OF THE 1ST
Houston Astros batting - Pitching for Chicago White Sox : RHP Kevin Woods
Pitching: RHP Kevin Woods
Batting: RHB Matt Thompson 0-0: Ball
1-0: Bunted foul
1-1: Foul Ball, location: 2F
1-2: Foul Ball, location: 2F
1-2: Foul Ball, location: 2F
1-2: Ball
2-2: Ball
3-2: SINGLE (Groundball, 4MD, EV 101.2 MPH)
Batting: RHB Chang-wei Jiang 0-0: Ball
1-0: Sac Bunt to 15S - play at first, batter OUT! 1-4
Matt Thompson to second
Batting: SHB Joe Gardner 0-0: Foul Ball, location: 2F
0-1: Foul Ball, location: 2F
0-2: SINGLE (Groundball, P, EV 79.4 MPH) (infield hit)
Matt Thompson to third
Batting: LHB Bryce Hill 0-0: Ball
1-0: Ball
2-0: Called Strike
2-1: Fly out, F9 (Flyball, 9D, EV 95.0 MPH)
Runner from 3rd tags up, SCORES, no throw by RF
Batting: RHB Jeremy Trump 0-0: Ball
Joe Gardner steals 2nd base
1-0: Fly out, F9 (Line Drive, 9S, EV 93.8 MPH)
Bottom of the 1st over - 1 run, 2 hits, 0 errors, 1 left on base; Chicago 0 - Houston 1
TOP OF THE 2ND
Chicago White Sox batting - Pitching for Houston Astros : RHP Bill Tulk
Batting: RHB Steve Castleberry 0-0: Foul Ball, location: 2F
0-1: Ground out 4-3 (Groundball, 4S, EV 88.8 MPH)
Batting: RHB Jason Moss 0-0: Called Strike
0-1: Ball
1-1: Ball
2-1: Ground out 6-3 (Groundball, 6, EV 103.1 MPH)
Batting: RHB Leo Navarro 0-0: Ball
1-0: Ball
2-0: Ball
3-0: Base on Balls
Batting: RHB Charles Marcel 0-0: Ball
1-0: Called Strike
1-1: Ball
2-1: Ball
3-1: Base on Balls
Leo Navarro to second
Batting: LHB Antonio Figueroa 0-0: Fly out, F6 (Popup, 6, EV 63.1 MPH)
Top of the 2nd over - 0 runs, 0 hits, 0 errors, 2 left on base; Chicago 0 - Houston 1
BOTTOM OF THE 2ND
Houston Astros batting - Pitching for Chicago White Sox : RHP Kevin Woods
Batting: RHB Trevor Mock 0-0: Ball
1-0: TRIPLE (Line Drive, 9LD, EV 108.8 MPH)
Batting: LHB Angelo Vasquez 0-0: Called Strike
0-1: Called Strike
0-2: Hit by Pitch
Batting: LHB Jim Keefe 0-0: Ball
1-0: Swinging Strike
1-1: Fly out, F9 (Line Drive, 9S, EV 109.4 MPH)
Batting: LHB Alex Alicea 0-0: Called Strike
0-1: Foul Ball, location: 2F
0-2: Strikes out swinging
Batting: RHB Matt Thompson 0-0: Foul Ball, location: 2F
0-1: Swinging Strike
0-2: Ball
1-2: Strikes out looking
Bottom of the 2nd over - 0 runs, 1 hit, 0 errors, 2 left on base; Chicago 0 - Houston 1
TOP OF THE 3RD
Chicago White Sox batting - Pitching for Houston Astros : RHP Bill Tulk
Batting: SHB Dan Lash 0-0: Ground out 4-3 (Groundball, 4, EV 81.2 MPH)
Batting: LHB Randy Rosenberry 0-0: Ball
1-0: Ball
2-0: Ball
3-0: Called Strike
3-1: Base on Balls
Batting: LHB Jack Christie 0-0: Ball
1-0: Ball
2-0: Ball
3-0: Foul Ball, location: 2F
3-1: Fielders Choice at 2nd, 3-6 (Groundball, 34S, EV 91.2 MPH)
Batting: RHB Dieter Knoops 0-0: Ball
1-0: Swinging Strike
1-1: Fly out, F7 (Line Drive, 7, EV 108.1 MPH)
Top of the 3rd over - 0 runs, 0 hits, 0 errors, 1 left on base; Chicago 0 - Houston 1
BOTTOM OF THE 3RD
Houston Astros batting - Pitching for Chicago White Sox : RHP Kevin Woods
Batting: RHB Chang-wei Jiang 0-0: Swinging Strike
0-1: Called Strike
0-2: Ball
1-2: Strikes out swinging
Batting: SHB Joe Gardner 0-0: Swinging Strike
0-1: Foul Ball, location: 2F
0-2: Ground out 4-3 (Groundball, 4, EV 86.9 MPH)
Batting: LHB Bryce Hill 0-0: Ball
1-0: Foul Ball, location: 2F
1-1: Ball
2-1: Fly out, F9 (Flyball, 9D, EV 97.5 MPH)
Bottom of the 3rd over - 0 runs, 0 hits, 0 errors, 0 left on base; Chicago 0 - Houston 1
TOP OF THE 4TH
Chicago White Sox batting - Pitching for Houston Astros : RHP Bill Tulk
Batting: RHB Steve Castleberry 0-0: Ball
1-0: Ball
2-0: Ball
3-0: Base on Balls
Batting: RHB Jason Moss 0-0: Ball
1-0: Ball
2-0: Ball
3-0: Base on Balls
Steve Castleberry to second
Batting: RHB Leo Navarro 0-0: Called Strike
0-1: DOUBLE (Flyball, 89XD, EV 101.2 MPH)
Steve Castleberry scores
Jason Moss to third
Batting: RHB Charles Marcel 0-0: Ball
1-0: Ball
2-0: DOUBLE (Groundball, 5L, EV 103.1 MPH)
Jason Moss scores
Leo Navarro scores
Batting: LHB Antonio Figueroa 0-0: Called Strike
0-1: Ground out U3 (Groundball, 3S, EV 90.0 MPH)
Charles Marcel to third
Batting: SHB Dan Lash 0-0: Ball
1-0: Ball
2-0: Fly out, F9 (Flyball, 89M, EV 88.8 MPH)
Runner from 3rd tags up, SCORES, no throw by RF
Batting: LHB Randy Rosenberry 0-0: Swinging Strike
0-1: Ball
1-1: Ball
2-1: Ball
3-1: Base on Balls
Batting: LHB Jack Christie 0-0: Called Strike
0-1: Ball
1-1: Fly out, F7 (Flyball, 78XD, EV 92.5 MPH)
Top of the 4th over - 4 runs, 2 hits, 0 errors, 1 left on base; Chicago 4 - Houston 1
BOTTOM OF THE 4TH
Houston Astros batting - Pitching for Chicago White Sox : RHP Kevin Woods
Batting: RHB Jeremy Trump 0-0: Called Strike
0-1: Called Strike
0-2: Ball
1-2: Foul Ball, location: 2F
1-2: Strikes out swinging
Batting: RHB Trevor Mock 0-0: Called Strike
0-1: Ball
1-1: SINGLE (Groundball, 6S, EV 65.6 MPH) (infield hit)
Batting: LHB Angelo Vasquez 0-0: Ball
1-0: Foul Ball, location: 2F
1-1: Called Strike
1-2: Ball
2-2: Strikes out swinging
Batting: LHB Jim Keefe 0-0: Called Strike
0-1: Ball
Trevor Mock steals 2nd base
1-1: SINGLE (Groundball, 34D, EV 96.2 MPH)
Trevor Mock to third
Runner from 3rd tries for Home, SAFE, throw by RF to home
Batting: LHB Alex Alicea 0-0: Ball
1-0: Ball
2-0: Ground out U3 (Groundball, 34, EV 106.2 MPH)
Bottom of the 4th over - 1 run, 2 hits, 0 errors, 1 left on base; Chicago 4 - Houston 2
TOP OF THE 5TH
Chicago White Sox batting - Pitching for Houston Astros : RHP Bill Tulk
Batting: RHB Dieter Knoops 0-0: Ground out 4-3 (Groundball, 4, EV 85.0 MPH)
Batting: RHB Steve Castleberry 0-0: SOLO HOME RUN (Flyball, 89XD, EV 103.1 MPH), Distance : 405 ft
Batting: RHB Jason Moss 0-0: Called Strike
0-1: Ball
1-1: Swinging Strike
1-2: Ball
2-2: Fly out, F8 (Flyball, 8RD, EV 106.2 MPH)
Batting: RHB Leo Navarro 0-0: Called Strike
0-1: Swinging Strike
0-2: SINGLE (Line Drive, 78S, EV 87.5 MPH)
Batting: RHB Charles Marcel 0-0: Called Strike
0-1: Foul Ball, location: 2F
0-2: Fielders Choice at 2nd, 6-4 (Groundball, 56, EV 103.1 MPH)
Top of the 5th over - 1 run, 2 hits, 0 errors, 1 left on base; Chicago 5 - Houston 2
BOTTOM OF THE 5TH
Houston Astros batting - Pitching for Chicago White Sox : RHP Kevin Woods
Batting: RHB Matt Thompson 0-0: Swinging Strike
0-1: Ball
1-1: Swinging Strike
1-2: Foul Ball, location: 3F, Error on foul ball, E3
1-2: Ball
2-2: Fly out, F8 (Flyball, 8LD, EV 95.6 MPH)
Batting: RHB Chang-wei Jiang 0-0: Called Strike
0-1: Ball
1-1: Ground out 4-3 (Groundball, 4M, EV 93.1 MPH)
Batting: SHB Joe Gardner 0-0: Ball
1-0: Ball
2-0: Called Strike
2-1: Ball
3-1: Foul Ball, location: 2F
3-2: Base on Balls
Batting: LHB Bryce Hill 0-0: Called Strike
0-1: Ball
1-1: Swinging Strike
1-2: Ball
2-2: Strikes out looking
Bottom of the 5th over - 0 runs, 0 hits, 1 error, 1 left on base; Chicago 5 - Houston 2
TOP OF THE 6TH
Chicago White Sox batting - Pitching for Houston Astros : RHP Bill Tulk
Batting: LHB Antonio Figueroa 0-0: Called Strike
0-1: Called Strike
0-2: SINGLE (Groundball, 6S, EV 72.5 MPH) (infield hit)
Batting: SHB Dan Lash 0-0: Fly out, F6 (Line Drive, 6, EV 68.1 MPH)
Batting: LHB Randy Rosenberry 0-0: Ball
1-0: Ball
2-0: Foul Ball, location: 2F
2-1: Fielders Choice at 2nd, 2-4 (Groundball, 15S, EV 64.4 MPH)
Pitching: RHP Oscar Andrade
Batting: LHB Jack Christie 0-0: SINGLE (Groundball, 4MD, EV 96.9 MPH)
Randy Rosenberry to second
Runner from 2nd tries for 3rd, SAFE, throw by CF made to third
Batting: RHB Dieter Knoops 0-0: Ball
1-0: Foul Ball, location: 2F
1-1: Called Strike
1-2: Ground out U3 (Groundball, 23, EV 88.1 MPH)
Top of the 6th over - 0 runs, 2 hits, 0 errors, 2 left on base; Chicago 5 - Houston 2
BOTTOM OF THE 6TH
Houston Astros batting - Pitching for Chicago White Sox : RHP Kevin Woods
Pitching: RHP Stanislav Mamatsev
Batting: RHB Jeremy Trump 0-0: Fly out, F8 (Flyball, 89M, EV 85.6 MPH)
Batting: RHB Trevor Mock 0-0: Swinging Strike
0-1: Foul Ball, location: 2F
0-2: Ball
1-2: Ball
2-2: Foul Ball, location: 2F
2-2: SOLO HOME RUN (Flyball, 89XD, EV 107.5 MPH), Distance : 417 ft
Batting: LHB Angelo Vasquez 0-0: Called Strike
0-1: Foul Ball, location: 2F
0-2: Ball
1-2: Ball
2-2: Ball
3-2: Base on Balls
Batting: LHB Jim Keefe 0-0: Called Strike
0-1: Ball
1-1: Ball
2-1: Called Strike
2-2: Strikes out swinging
Batting: LHB Alex Alicea 0-0: Called Strike
0-1: Swinging Strike
0-2: Strikes out swinging
Bottom of the 6th over - 1 run, 1 hit, 0 errors, 1 left on base; Chicago 5 - Houston 3
TOP OF THE 7TH
Chicago White Sox batting - Pitching for Houston Astros : RHP Oscar Andrade
Batting: RHB Steve Castleberry 0-0: Ball
1-0: Fly out, F4 (Popup, 34S, EV 70.0 MPH)
Batting: RHB Jason Moss 0-0: Ball
1-0: Ball
2-0: Ball
3-0: Foul Ball, location: 2F
3-1: Swinging Strike
3-2: Strikes out swinging
Batting: RHB Leo Navarro 0-0: Called Strike
0-1: SINGLE (Groundball, 4MD, EV 102.5 MPH)
Batting: RHB Charles Marcel 0-0: Called Strike
0-1: Ball
1-1: Ball
2-1: Called Strike
2-2: Strikes out swinging
Top of the 7th over - 0 runs, 1 hit, 0 errors, 1 left on base; Chicago 5 - Houston 3
BOTTOM OF THE 7TH
Houston Astros batting - Pitching for Chicago White Sox : RHP Stanislav Mamatsev
Pitching: RHP Gerbrand van de Bilt
Batting: RHB Matt Thompson 0-0: Called Strike
0-1: Ball
1-1: Ball
2-1: Foul Ball, location: 2F
2-2: Foul Ball, location: 2F
2-2: Foul Ball, location: 2F
2-2: Strikes out looking
Batting: RHB Chang-wei Jiang 0-0: Ball
1-0: SINGLE (Groundball, 56D, EV 95.6 MPH)
Batting: SHB Joe Gardner 0-0: Called Strike
0-1: Ball
1-1: Swinging Strike
1-2: Ball
2-2: Strikes out swinging
Batting: LHB Bryce Hill 0-0: Called Strike
0-1: Ball
1-1: Ball
2-1: Ground out U3 (Groundball, 3L, EV 103.8 MPH)
Bottom of the 7th over - 0 runs, 1 hit, 0 errors, 1 left on base; Chicago 5 - Houston 3
TOP OF THE 8TH
Chicago White Sox batting - Pitching for Houston Astros : RHP Oscar Andrade
Pitching: LHP Francisco de la Torre
Batting: LHB Antonio Figueroa 0-0: Called Strike
0-1: Ball
1-1: Swinging Strike
1-2: Ball
2-2: Ground out 4-3 (Groundball, 4S, EV 87.5 MPH)
Batting: SHB Dan Lash 0-0: Ball
1-0: Ball
2-0: Called Strike
2-1: Foul Ball, location: 2F
2-2: Ball
3-2: Foul Ball, location: 2F
3-2: Foul Ball, location: 2F
3-2: Base on Balls
Batting: LHB Randy Rosenberry 0-0: Ball
1-0: Called Strike
1-1: Swinging Strike
1-2: Fly out, F8 (Flyball, 8LM, EV 90.6 MPH)
Batting: LHB Jack Christie 0-0: Ball
1-0: Ball
2-0: Foul Ball, location: 2F
2-1: Called Strike
2-2: Fly out, F8 (Flyball, 78M, EV 87.5 MPH)
Top of the 8th over - 0 runs, 0 hits, 0 errors, 1 left on base; Chicago 5 - Houston 3
BOTTOM OF THE 8TH
Houston Astros batting - Pitching for Chicago White Sox : RHP Gerbrand van de Bilt
Batting: RHB Jeremy Trump 0-0: Called Strike
0-1: Ball
1-1: Called Strike
1-2: DOUBLE (Line Drive, 7LS, EV 89.4 MPH)
Batting: RHB Trevor Mock 0-0: Ball
1-0: Ball
2-0: Called Strike
2-1: Called Strike
2-2: Strikes out swinging
Batting: LHB Angelo Vasquez 0-0: Called Strike
0-1: Ball
1-1: Fly out, F9 (Line Drive, 9, EV 95.0 MPH)
Batting: LHB Jim Keefe 0-0: Foul Ball, location: 2F
0-1: Ball
1-1: Swinging Strike
1-2: Foul Ball, location: 2F
1-2: Ball
2-2: Fly out, F7 (Flyball, 78M, EV 90.0 MPH)
Bottom of the 8th over - 0 runs, 1 hit, 0 errors, 1 left on base; Chicago 5 - Houston 3
TOP OF THE 9TH
Chicago White Sox batting - Pitching for Houston Astros : LHP Francisco de la Torre
Pitching: RHP Kyle McPeak
Batting: RHB Dieter Knoops 0-0: Ball
1-0: Foul Ball, location: 2F
1-1: Ball
2-1: Ball
3-1: Base on Balls
Batting: RHB Steve Castleberry 0-0: Ball
1-0: Ball
2-0: Fly out, F9 (Flyball, 9, EV 93.1 MPH)
Batting: RHB Jason Moss 0-0: Ball
Dieter Knoops steals 2nd base
1-0: Called Strike
1-1: Ball
2-1: Ground out U3 (Groundball, 34, EV 83.8 MPH)
Dieter Knoops to third
Batting: RHB Leo Navarro 0-0: Called Strike
0-1: Ground out 6-3 (Groundball, 56, EV 101.9 MPH)
Top of the 9th over - 0 runs, 0 hits, 0 errors, 1 left on base; Chicago 5 - Houston 3
BOTTOM OF THE 9TH
Houston Astros batting - Pitching for Chicago White Sox : RHP Gerbrand van de Bilt
Pitching: RHP Zach Ault
Now at C: Eduardo Maldonado
Batting: LHB Alex Alicea 0-0: Ball
1-0: Called Strike
1-1: Foul Ball, location: 2F
1-2: Ground out U3 (Groundball, 34S, EV 88.1 MPH)
Batting: RHB Matt Thompson 0-0: Called Strike
0-1: Called Strike
0-2: Strikes out looking
Batting: RHB Chang-wei Jiang 0-0: Ground out 5-3 (Groundball, 5L, EV 86.2 MPH)
Bottom of the 9th over - 0 runs, 0 hits, 0 errors, 0 left on base; Chicago 5 - Houston 3
Wednesday, June 22nd , 2022 - OOTP Baseball 23.4 Build 64